 Dungeon Crawl Stone Soup version 0.26.1-2-gb8aa6d0cf2 (webtiles) character file.

Game seed: 8651924756029577137

137 Groucho the Sneak (level 5, -5/25 HPs)
             Began as a Spriggan Enchanter on Mar 11, 2021.
             Slain by Grinder (8 damage)
             ... on level 3 of the Dungeon.
             The game lasted 00:06:06 (5711 turns).

Groucho the Sneak (Spriggan Enchanter)              Turns: 5711, Time: 00:06:07

Health: -5/25      AC:  2    Str:  5    XL:     5   Next: 0%
Magic:  7/10       EV: 19    Int: 17    God:
Gold:   79         SH:  0    Dex: 16    Spells: 3/9 levels left

rFire    . . .     SeeInvis +   k - +2 dagger (venom)
rCold    . . .     Faith    .   (shield restricted)
rNeg     . . .     Spirit   .   b - +0 robe
rPois    .         Reflect  .   (helmet restricted)
rElec    .         Harm     .   (no cloak)
rCorr    .         Rampage  .   (gloves unavailable)
Will     .....                  (boots unavailable)
Stlth    ++++......             (no amulet)
HPRegen  0.08/turn              (no ring)
MPRegen  0.12/turn              (no ring)

@: mighty, very quick
A: very small, unfitting armour, see invisible, speed 3
a: no special abilities


You were on level 3 of the Dungeon.
You visited 1 branch of the dungeon, and saw 3 of its levels.

You collected 79 gold pieces.

Inventory:

Hand Weapons
 a - a +1 dagger
 k - a +2 dagger of venom (weapon)
Missiles
 l - 3 boomerangs of dispersal
 p - 13 poisoned darts (quivered)
Armour
 b - a +0 robe (worn)
Jewellery
 h - a cursed amulet of inaccuracy {unknown}
 j - an uncursed amulet of reflection {unknown}
 n - an uncursed amulet of magic regeneration
 r - an uncursed amulet of regeneration {unknown}
Wands
 i - a wand of disintegration (16)
Scrolls
 c - a scroll of teleportation {unknown}
 e - a scroll of blinking {unknown}
 f - 3 scrolls of identify {unknown}
 g - a scroll of noise {unknown}
 o - 3 scrolls of remove curse {unknown}
 q - a scroll of fear {unknown}
Potions
 d - a potion of might
 m - a potion of lignification {unknown}


   Skills:
 - Level 0.7 Fighting
 - Level 1.5 Short Blades
 - Level 3.4 Dodging
 + Level 7.4 Stealth
 - Level 2.8 Spellcasting
 - Level 4.2 Hexes
 - Level 0.2 Ice Magic


You had 3 spell levels left.
You knew the following spells:

 Your Spells              Type           Power        Failure   Level
a - Corona                Hex            17%          3%          1
b - Ensorcelled Hibernat  Hex/Ice        20%          11%         2
c - Confusing Touch       Hex            16%          10%         3

Your spell library contained the following spells:

 Spells                   Type           Power        Failure   Level
 Tukima's Dance           Hex            16%          10%         3
 Dazzling Flash           Conj/Hex       18%          22%         3


Dungeon Overview and Level Annotations

Branches:
Dungeon (3/15)

Altars:
Trog

Annotations:
D:3 Grinder


Innate Abilities, Weirdness & Mutations

You are very small and have problems with some larger weapons.
You are too small for most types of armour.
You have supernaturally acute eyesight. (SInv)
You cover ground extremely quickly.


Message History

You resist with some effort.
Casting: Ensorcelled Hibernation (safe; 11% risk of failure)
Confirm with . or Enter, or press ? or * to list all spells.
The spell is quite dangerous to cast (10% risk of failure)!
Continue anyway? [Y]es or [N]o only, please.
The spell is quite dangerous to cast (10% risk of failure)!
Continue anyway?
Your hands begin to glow red.
Unknown command.
Grinder zaps a wand.
The puff of flame hits you!
Ouch! That really hurt!
You are too injured to fight recklessly!
Grinder zaps a wand.
The puff of flame hits you!
* * * LOW HITPOINT WARNING * * *
It was a potion of might.
You feel very mighty all of a sudden. Grinder misses you.
Unknown command.
Unknown command.
You hit Grinder but do no damage.
Grinder appears confused.
Grinder hits you!
You die...

...............#.###...
...............#.......
######.......###.......
#.................
#.................
#.................
#.................
#..............)..
#@..(.............
#5................
#.................
#.................
#..[..............
#.†........ #).........
#.......... #..†[.....o


You could see Grinder (confused).

Vanquished Creatures
  4 gnolls (D:2)
  4 adders
  An ooze (D:3)
  2 worms (D:2)
  A dart slug (D:3)
  A leopard gecko (D:2)
  An orc (D:3)
  2 giant cockroaches (D:3)
  6 goblins
  4 hobgoblins
  2 jackals (D:1)
  2 quokkas (D:2)
  7 bats
  5 frilled lizards
  4 kobolds
  8 rats
54 creatures vanquished.

Notes
Turn   | Place    | Note
-------+----------+-------------------------------------------
     0 | D:1      | Groucho the Spriggan Enchanter began the quest for the Orb.
     0 | D:1      | Reached XP level 1. HP: 9/9 MP: 5/5
   604 | D:1      | Reached XP level 2. HP: 13/13 MP: 6/6
   611 | D:1      | Learned a level 2 spell: Ensorcelled Hibernation
  1497 | D:2      | Reached skill level 5 in Stealth
  2016 | D:2      | Reached XP level 3. HP: 4/17 MP: 2/8
  3029 | D:2      | Reached XP level 4. HP: 21/21 MP: 6/9
  3134 | D:2      | Reached skill level 6 in Stealth
  3482 | D:2      | Noticed a moth of wrath
  3485 | D:2      | Found a bloodstained altar of Trog.
  4961 | D:3      | Reached skill level 7 in Stealth
  5028 | D:3      | Noticed Grinder
  5097 | D:3      | Learned a level 3 spell: Confusing Touch
  5698 | D:3      | Reached XP level 5. HP: 25/25 MP: 10/10
  5711 | D:3      | Slain by Grinder

Illustrated notes

Levels and vault maps discovered:
D:1:      nagdon_arrival_zigzag_paths, layout_basic
D:2:      layout_basic, serial_forest, infiniplex_forest_lined_corner,
          infiniplex_forest_straight_1, infiniplex_forest_clump_small,
          infiniplex_forest_straight_5, infiniplex_forest_clump_diagonal,
          infiniplex_forest_clump_long, infiniplex_forest_clump_medium,
          minivault_26, tgw_trog
D:3:      layout_basic, hangedman_decor_points, uniq_grinder, uniq_sigmund

Skill      XL: |  1  2  3  4 |
---------------+-------------+-----
Hexes          | 4 |  4.2
Stealth        | 5 7 |  7.4
Fighting       | |  0.7
Short Blades   | |  1.5
Dodging        | |  3.4
Spellcasting   | |  2.8
Ice Magic      | |  0.2

Action                   |  1- 3 |  4- 6 || total
-------------------------+-------+-------++-------
Melee: Dagger            |    56 |    59 ||   115
Throw: Throwing net      |     1 |       ||     1
       Boomerang         |     1 |     1 ||     2
 Cast: Ensorcelled Hiber |    12 |     6 ||    18
       Corona            |     1 |       ||     1
       Confusing Touch   |       |     1 ||     1
Evoke: Wand              |     1 |     1 ||     2
  Use: Potion            |       |     1 ||     1
 Stab: Sleeping          |    15 |    14 ||    29
       Distracted        |       |     1 ||     1
Armor: Robe              |     9 |     2 ||    11
Dodge: Dodged            |    47 |    32 ||    79
